 Dungeon Crawl Stone Soup version 0.28-a0-664-gc179e30c89 (webtiles) character file.

Game seed: 1264589064586429519

824 andesha the Cudgeller (level 7, -5/44 HPs)
             Began as a Gargoyle Fighter on Oct 15, 2021.
             Was an Initiate of Makhleb.
             Slain by a fire bat (9 damage)
             ... on level 5 of the Dungeon.
             The game lasted 00:13:03 (4940 turns).

andesha the Cudgeller (Gargoyle Fighter)            Turns: 4940, Time: 00:13:03

Health: -5/44      AC:  9    Str: 22    XL:     7   Next: 96%
Magic:  7/7        EV: 12    Int:  8    God:    Makhleb [......]
Gold:   283        SH:  4    Dex:  9    Spells: 6/6 levels left

rFire   . . .      SeeInvis .   a - +1 flail
rCold   . . .      Faith    .   c - +0 buckler
rNeg    + . .      Spirit   .   (no armour)
rPois   ∞          Reflect  .   (no helmet)
rElec   +          Harm     .   h - +2 cloak
rCorr   .          Rampage  .   (no gloves)
Will    .....                   f - +0 pair of boots
Stlth   +.........              (no amulet)
HPRegen 0.14/turn               (no ring)
MPRegen 0.10/turn               (no ring)

@: no status effects
A: sickness immunity, AC +4, negative energy resistance 1, electricity
resistance, torment resistance 1, petrification resistance
a: Renounce Religion


You were on level 5 of the Dungeon.
You worshipped Makhleb.
Makhleb was noncommittal.
You visited 2 branches of the dungeon, and saw 6 of its levels.

You collected 283 gold pieces.

Inventory:

Hand Weapons
 a - a +1 flail (weapon)
Armour
 c - a +0 buckler (worn)
 f - a +0 pair of boots (worn)
 h - a +2 cloak (worn)
Wands
 i - a wand of polymorph (3)
Potions
 e - a potion of magic {unknown}


   Skills:
 + Level 4.3 Fighting
 * Level 6.8 Maces & Flails
 + Level 4.9 Armour
 + Level 2.1 Dodging
 - Level 4.0 Shields


You had 6 spell levels left.
You didn't know any spells.
Your spell library contained the following spells:

 Spells                   Type           Power      Damage    Failure   Level
 Animate Skeleton         Necr           0%         N/A       41%         1
 Pain                     Necr           0%         1d4       41%         1
 Scorch                   Fire           0%         2d5       54%         2
 Vampiric Draining        Necr           0%         2d6       78%         3
 Flame Wave               Conj/Fire      0%         3d3       99%         4
 Summon Cactus Giant      Summ           0%         N/A       100%        6


Dungeon Overview and Level Annotations

Branches:
Dungeon (5/15)             Temple (1/1) D:5

Altars:
Ashenzari
Cheibriados
Dithmenos
Elyvilon
Fedhas
Gozag
Hepliaklqana
Kikubaaqudgha
Makhleb
Nemelex Xobeh
Okawaru
Qazlal
Ru
Sif Muna
Trog
Uskayaw
Vehumet
Wu Jian
Xom
Yredelemnul
Zin
The Shining One

Shops:
D:2 !


Innate Abilities, Weirdness & Mutations

You are immune to sickness and miasma.
Your stone body is resilient. (AC +4)
You are immune to poison.
You resist negative energy. (rN+)
You are resistant to electric shocks. (rElec)
You are resistant to unholy torment.
You are immune to petrification.


Message History

Aim: an ogre, wielding a +0 giant spiked club (moderately wounded, will become a worm, a blink frog, or a fire bat, chance to affect: 46%)
The ogre evaporates and reforms as a fire bat!
The fire bat closely misses you.
Aiming: Polymorph
Press: ? - help, Shift-Dir - straight line, f/p - fire bat
Aim: a fire bat (lightly wounded, will become an acid dragon, a tengu, or a swamp drake, chance to affect: 54%)
The fire bat resists with significant effort.
The fire bat closely misses you.
Aiming: Polymorph
Press: ? - help, Shift-Dir - straight line, f/p - fire bat
Aim: a fire bat (lightly wounded, will become an acid dragon, a tengu, or a swamp drake, chance to affect: 54%)
The fire bat resists with significant effort.
The fire bat bites you.
* * * LOW HITPOINT WARNING * * *
You are engulfed in flames!
* * * LOW HITPOINT WARNING * * *
You are too injured to fight recklessly!
The fire bat barely misses you.
The fire bat bites you but does no damage. x2
The fire bat bites you but does no damage.
The fire bat barely misses you. The fire bat closely misses you.
You block the fire bat's attack.
The fire bat bites you but does no damage.
The fire bat misses you.
The fire bat bites you but does no damage.
The fire bat bites you but does no damage.
The fire bat bites you but does no damage.
The fire bat bites you but does no damage.
The fire bat barely misses you.
The fire bat bites you but does no damage.
The fire bat closely misses you.
The fire bat bites you but does no damage.
The fire bat closely misses you. The fire bat closely misses you.
The fire bat barely misses you. The fire bat bites you.
* * * LOW HITPOINT WARNING * * *
You are engulfed in flames!
You die...

#...#.................
#.#...##..........####
#.###.##.#.#.#.....##. #.#
#.##...........### #.#
#.##.#.#.#.#######
##.###.##.......#####..
#...##.##.#.#.#.....#.#
#.#.##b##...........#.#
##.#.##@.............#.#
#..#..######.........#.#
##.###.## #...........#
###..#[#..### #...........#
####...##.##...########.###..#
####....###...###....#####.# #...
.)...)......#...####.......###...
####....###...###....#######.....
####...##.##...#### #.#...


You could see a fire bat.

Vanquished Creatures
  A sky beast (D:5)
  A black bear (D:3)
  A centaur (D:4)
  A phantom (D:5)
  A bullfrog (D:4)
  A centaur zombie (D:5)
  An orc priest (D:5)
  A jelly (D:5)
  A bullfrog skeleton (D:5)
  3 orc wizards (D:5)
  A killer bee zombie (D:5)
  A hound zombie (D:5)
  8 adders
  A shadow imp (D:5)
  2 worms
  4 dart slugs
  11 orcs
  3 ball pythons
  4 bats
  9 endoplasms
  3 giant cockroaches
  8 hobgoblins
  6 jackals
  5 kobolds
  4 quokkas
  5 frilled lizards
  6 goblins
  5 rats
98 creatures vanquished.

Vanquished Creatures (others)
  4 toadstools (D:5)
4 creatures vanquished.

Grand Total: 102 creatures vanquished

Notes
Turn   | Place    | Note
-------+----------+-------------------------------------------
     0 | D:1      | andesha the Gargoyle Fighter began the quest for the Orb.
     0 | D:1      | Reached XP level 1. HP: 14/14 MP: 1/1
    56 | D:1      | Reached XP level 2. HP: 19/19 MP: 2/2
   431 | D:1      | Reached XP level 3. HP: 19/23 MP: 3/3
  1218 | D:2      | You fall into a shaft and drop 1 floor!
  1218 | D:3      | Noticed a black bear
  1225 | D:3      | Killed a black bear
  1226 | D:3      | Reached skill level 3 in Maces & Flails
  1226 | D:3      | Reached XP level 4. HP: 11/29 MP: 4/4
  1226 | D:3      | Reached XP level 5. HP: 13/33 MP: 5/5
  1662 | D:2      | Found a faded altar of an unknown god.
  1846 | D:2      | Found Fitaf's Distillery.
  1905 | D:3      | Reached skill level 4 in Maces & Flails
  2747 | D:4      | Reached skill level 1 in Dodging
  2747 | D:4      | Reached XP level 6. HP: 17/38 MP: 6/6
  2992 | D:4      | Reached skill level 5 in Maces & Flails
  3632 | D:5      | Entered Level 5 of the Dungeon
  3768 | D:5      | Reached XP level 7. HP: 40/43 MP: 7/7
  3788 | D:5      | Found a staircase to the Ecumenical Temple.
  3798 | Temple   | Entered the Ecumenical Temple
  3922 | Temple   | Became a worshipper of Makhleb the Destroyer
  4008 | D:5      | Reached skill level 6 in Maces & Flails
  4025 | D:5      | Found a shimmering blue altar of Sif Muna.
  4916 | D:5      | Noticed a fire bat
  4916 | D:5      | an ogre changed into a fire bat
  4940 | D:5      | Slain by a fire bat

Illustrated notes

Levels and vault maps discovered:
D:1:      heliophobic_arrival_enchanted_forest, layout_loops_ring
D:2:      layout_rooms, serial_shops, nicolae_shop_trees,
          chequers_ecumenical_altar_grove, nicolae_underground_beach
D:3:      layout_loops_ring, minmay_close_crescents
D:4:      layout_loops_corners, st_stairs_6
D:5:      minmay_general_purpose_star, layout_basic,
          mainiacjoe_overflow_cross_hatched,
          minmay_temple_entry_statues_fountains, serial_co_window_serial,
          co_window_paths_a, co_window_paths_b, co_window_paths_a,
          co_window_paths_a, co_window_paths_a, co_window_paths_b,
          co_window_cross_4, co_window_corner_b, co_window_paths_c,
          co_window_corner_cb, co_window_2corner, co_window_paths_c,
          co_window_corner_b, glass_columns_a, glass_columns_c, glass_columns_b,
          glass_columns_b, minmay_gold_behind_fungi, grunt_ministairs_14,
          nrook_mini_vaults
Temple:   kilobyte_greek_temple

Skill      XL: |  1  2  3  4  5  6  7 |
---------------+----------------------+-----
Maces & Flails | 3 4 5 6 |  6.8
Armour         | 4 |  4.9
Fighting       | 4 |  4.3
Dodging        | 1 2 |  2.1
Shields        | 4 |  4.0

Action                   |  1- 3 |  4- 6 |  7- 9 || total
-------------------------+-------+-------+-------++-------
Melee: Flail             |    86 |   171 |   103 ||   360
Evoke: Wand              |       |       |     3 ||     3
  Use: Scroll            |     3 |     4 |     3 ||    10
       Potion            |     2 |     6 |     2 ||    10
Armor: Scale mail        |    61 |   103 |       ||   164
       Skin              |       |       |    46 ||    46
Dodge: Dodged            |    46 |    74 |    60 ||   180
Block: Buckler           |    13 |    43 |    19 ||    75

Table legend: (Time is in decaauts)
 A = Elapsed time spent in this place.
 B = Non-inter-level travel time spent in this place.
 C = Inter-level travel time spent in this place.
 D = Time resting spent in this place.
 E = Time spent auto-exploring this place.
 F = Levels seen in this place.
 G = Mean time per level.
                   A        B        C        D        E       F      G
               +--------+--------+--------+--------+--------+-----+--------+
         Total |   4990 |   4907 |     83 |    148 |   3754 |   6 |  831.7 |
       Dungeon |   4815 |   4747 |     68 |    148 |   3662 |   5 |  963.0 |
        Temple |    174 |    159 |     15 |      0 |     92 |   1 |  174.0 |
               +--------+--------+--------+--------+--------+-----+--------+

Top non-repeatable levels by time:
     D:5: 1146 daAuts
     D:4: 1103 daAuts
     D:3: 973 daAuts
     D:1: 966 daAuts
     D:2: 625 daAuts
  Temple: 174 daAuts
